 Dungeon Crawl Stone Soup version 0.27.1-1-g398f81649c (webtiles) character file.

Game seed: 13960133120059653736

81 ZARRMARR the Sneak (level 4, -3/31 HPs)
             Began as an Octopode Monk on Sept 9, 2021.
             Slain by Terence (4 damage)
             ... on level 2 of the Dungeon.
             The game lasted 00:03:06 (1929 turns).

ZARRMARR the Sneak (Octopode Monk)                  Turns: 1929, Time: 00:03:06

Health: -3/31      AC:  1    Str: 10    XL:     4   Next: 42%
Magic:  4/4        EV: 14    Int: 13    God:
Gold:   45         SH:  0    Dex: 14    Spells: 3/3 levels left

rFire    . . .     SeeInvis .   a - +0 short sword
rCold    . . .     Faith    .   (no shield)
rNeg     . . .     Spirit   .   (helmet restricted)
rPois    .         Reflect  .   (no amulet)
rElec    .         Harm     .   (no ring)
rCorr    .         Rampage  .   (no ring)
Will     .....                  (no ring)
Stlth    ++++......             (no ring)
HPRegen  0.10/turn              (no ring)
MPRegen  0.09/turn              (no ring)
                                (no ring)
                                (no ring)

@: no status effects
A: almost no armour, amphibious, 8 rings, camouflage 1, gelatinous body 1,
(nimble swimmer 1), tentacles
a: no special abilities


You were on level 2 of the Dungeon.
You visited 1 branch of the dungeon, and saw 2 of its levels.

You collected 45 gold pieces.

Inventory:

Hand Weapons
 a - a +0 short sword (weapon)
Scrolls
 b - a scroll of enchant weapon {unknown}
 h - a scroll of identify {unknown}
 i - a scroll of amnesia {unknown}
Potions
 c - 2 potions of berserk rage {unknown}
 d - a potion of heal wounds {unknown}
 e - a potion of lignification {unknown}
 f - 2 potions of degeneration {unknown}
 g - a potion of curing {unknown}


   Skills:
 + Level 3.5 Fighting
 + Level 3.6 Short Blades
 + Level 3.6 Dodging
 + Level 3.9 Stealth


You had 3 spell levels left.
You didn't know any spells.
Your spell library was empty.

Dungeon Overview and Level Annotations

Branches:
Dungeon (2/15)

Altars:

Shops:
D:1 [=

Annotations:
D:1 exclusion: downstairs
D:2 Terence


Innate Abilities, Weirdness & Mutations

You cannot wear most types of armour.
You are amphibious.
You can wear up to eight rings at the same time.
Your skin changes colour to match your surroundings (Stealth+).
Your rubbery body absorbs attacks. (AC +1, EV +1)
((You are camouflaged near water. (Stealth+)))
You have tentacles for arms and can constrict up to eight enemies at once.


Message History

No target in view!
No target in view!
No target in view!
No target in view!
No target in view!
No target in view!
No target in view!
No target in view!
No target in view!
You see here a quokka corpse.
Unknown command.
Unknown command.
Terence shouts!
You hit Terence but do no damage. You grab Terence. You squeeze Terence.
Terence is lightly wounded.
You constrict Terence. Terence misses you.
You hit Terence.
Terence is moderately wounded.
You constrict Terence, but do no damage.
Terence zaps a wand.
The puff of flame hits you!
You hit Terence. You squeeze Terence.
Terence is heavily wounded.
You constrict Terence, but do no damage.
Terence closely misses you.
You hit Terence but do no damage.
Terence is heavily wounded.
You constrict Terence.
Terence zaps a wand.
The puff of flame hits you!
You hit Terence but do no damage. You squeeze Terence, but do no damage.
Terence is severely wounded.
You constrict Terence, but do no damage.
Terence hits you with a +0 hand axe.
* * * LOW HITPOINT WARNING * * *
You hit Terence but do no damage.
Terence is severely wounded.
You constrict Terence. Terence hits you with a +0 hand axe!
* * * LOW HITPOINT WARNING * * *
You hit Terence but do no damage.
Terence is severely wounded.
You constrict Terence. Terence hits you with a +0 hand axe.
You die...

#############.#
#.##......#..
........# #.#
#.#######.#.#
#######.# #.# #.#
#....)# #.# #.#
#.# #.#.#.. #.#
#.#######.#
#.#.... #.#
#.........#
#.#....
#.###############
#.#.#.#
#.............#
#.#...#
########..@@#.#
#.##### #.##.#.#
#.# #.#.<#.#
#.##### #.####.#
#...†.. #.[ .#
####### ### ##


You could see Terence.

Vanquished Creatures
  3 gnolls (D:2)
  2 adders (D:2)
  A worm (D:2)
  3 ball pythons (D:1)
  2 bats
  5 endoplasms
  2 giant cockroaches
  3 goblins
  2 hobgoblins (D:1)
  2 quokkas (D:2)
  A frilled lizard (D:2)
  A kobold (D:2)
  3 rats
30 creatures vanquished.

Notes
Turn   | Place    | Note
-------+----------+-------------------------------------------
     0 | D:1      | ZARRMARR the Octopode Monk began the quest for the Orb.
     0 | D:1      | Reached XP level 1. HP: 16/16 MP: 1/1
   246 | D:1      | Reached XP level 2. HP: 21/21 MP: 2/2
   271 | D:1      | Found Mede's Armour Boutique.
   467 | D:1      | Found a faded altar of an unknown god.
   563 | D:1      | Found Sallof's Jewellery Boutique.
   797 | D:2      | Reached XP level 3. HP: 14/26 MP: 3/3
  1004 | D:2      | Noticed Terence
  1496 | D:2      | Reached XP level 4. HP: 7/31 MP: 4/4
  1928 | D:2      | HP: 1/31 [Terence (8)]
  1929 | D:2      | Slain by Terence

Illustrated notes

Levels and vault maps discovered:
D:1:      matt_arrival_grand_opening, layout_basic, serial_shops, shop, shop,
          hellmonk_ecumenical_altar_inner_sanctum
D:2:      cheibrodos_old_hovel, layout_basic, kennysheep_generic_room_3,
          uniq_sigmund, uniq_terence

Skill      XL: |  1 |
---------------+----+-----
Stealth        | 3 |  3.9
Fighting       | |  3.5
Short Blades   | |  3.6
Dodging        | |  3.6

Action                   |  1- 3 |  4- 6 || total
-------------------------+-------+-------++-------
Melee: Short sword       |    49 |    20 ||    69
       Tentacles         |     7 |     5 ||    12
       Constrict         |     7 |     4 ||    11
 Stab: Sleeping          |    11 |     3 ||    14
Dodge: Dodged            |    21 |     6 ||    27
